 Dungeon Crawl Stone Soup version 0.23.2-1-ga50397a6bc (webtiles) character file.

Game seed: 5104565599027577429

1085 Jaijje the Ruffian (level 8, -8/73 HPs)
             Began as a Naga Monk on May 18, 2019.
             Was a Priest of Cheibriados.
             Mangled by an orc warrior
             ... wielding a +0 flail
              (17 damage)
             ... on level 6 of the Dungeon.
             The game lasted 00:24:38 (6800 turns).

Jaijje the Ruffian (Naga Monk)                      Turns: 6800, Time: 00:24:38

Health: -8/73      AC:  9    Str: 23    XL:     8   Next: 30%
Magic:  8/9        EV: 11    Int: 19    God:    Cheibriados [***...]
Gold:   185        SH:  0    Dex: 22    Spells: 7/7 levels left

rFire    + . .     SeeInvis +     - Unarmed
rCold    . . .     Gourm    .   (no shield)
rNeg     . . .     Faith    .   x - +2 leather armour {rF+}
rPois    +         Spirit   .   l - +0 helmet
rElec    .         Reflect  .   (no cloak)
rCorr    +         Harm     .   z - +0 pair of gloves
MR       +....                  (no barding)
Stlth    +++.......             (no amulet)
HPRegen  0.22/turn              D - ring of resist corrosion
MPRegen  0.11/turn              (no ring)

@: lightly drained, very slow
A: large, see invisible, deformed body, poison resistance, slowness 2, slow
metabolism 1, spit poison 1, AC +2
a: Spit Poison, Bend Time, Temporal Distortion, Renounce Religion


You were on level 6 of the Dungeon.
You worshipped Cheibriados.
Cheibriados was most pleased with you.
You were very hungry.

You visited 2 branches of the dungeon, and saw 8 of its levels.

You collected 185 gold pieces.

Inventory:

Missiles
 q - 8 tomahawks (quivered)
Armour
 k - a +1 leather armour of magic resistance
 l - a +0 helmet (worn)
 w - a +2 ring mail of magic resistance
 x - a +2 leather armour of fire resistance (worn)
 z - a +0 pair of gloves (worn)
Jewellery
 g - an uncursed ring of ice
 r - an uncursed amulet of harm
 D - a ring of resist corrosion (left hand)
Wands
 h - a wand of flame (6)
 B - a wand of digging (9)
 C - a wand of iceblast (9)
Scrolls
 c - a scroll of enchant armour
 e - 3 scrolls of amnesia
 i - a scroll of fog
 j - 4 scrolls of remove curse
 o - a scroll of magic mapping
 v - a scroll of fear
 y - 2 scrolls of teleportation
 A - a scroll of blinking
Potions
 a - 2 potions of lignification
 d - 2 potions of brilliance
 f - 2 potions of cancellation
 m - a potion of magic
 n - 3 potions of haste
 p - a potion of curing
 s - 4 potions of flight
 u - a potion of degeneration {unknown}
Comestibles
 b - 6 rations


   Skills:
 + Level 4.6(4.2) Fighting
 * Level 5.0(4.6) Armour
 - Level 3.0(2.6) Dodging
 - Level 3.9(3.5) Stealth
 - Level 6.0(5.6) Unarmed Combat
 * Level 1.5(1.1) Invocations


You had 7 spell levels left.
You didn't know any spells.
Your spell library was empty.

Dungeon Overview and Level Annotations

Branches:
Dungeon (7/15)             Temple (1/1) D:4

Altars:
Cheibriados
Dithmenos
Elyvilon
Fedhas
Gozag
Hepliaklqana
Kikubaaqudgha
Nemelex Xobeh
Okawaru
Qazlal
Ru
Sif Muna
Trog
Uskayaw
Yredelemnul
Zin
The Shining One

Shops:
D:5 [


Innate Abilities, Weirdness & Mutations

You cannot wear boots.
Your serpentine skin is tough. (AC +2)
You have supernaturally acute eyesight. (SInv)
Armour fits poorly on your strangely shaped body.
Your system is resistant to poisons. (rPois)
You cover ground very slowly.
You have a slow metabolism.
You can spit poison.


Message History

You feel better.
You have got your breath back.
The orc looks more healthy.
The orc warrior hits you with a +0 flail!
* * * LOW HITPOINT WARNING * * *
You feel better. The orc warrior barely misses you.
You barely miss the orc warrior.
The orc warrior is heavily wounded.
Press: ? - help, Shift-Dir - straight line, f/p - orc
Aim: an orc, wielding a +0 war axe (severely wounded)
The splash of poison hits the orc warrior.
The orc warrior is severely wounded.
You feel slightly more hungry.
The orc warrior hits you with a +0 flail.
* * * LOW HITPOINT WARNING * * *
The orc warrior hits you with a +0 flail.
* * * LOW HITPOINT WARNING * * *
You have got your breath back.
The orc warrior hits you with a +0 flail!
You die...

...####'########.# #...###.##
...#.......#.....# #...##.#.##
...#.⌠...⌠.#####.# #...#.###.##
...#.......### #.# ###..## ##..
##.+...⌠...'.###.#######.#.###.##
####.....(.##.##.........##.#.##
#.⌠...⌠.#o.)>..............#
#.......#.######...........#
####'####..oo@...<.....###.# #
##......##.######..##.#.###.#
###.#.###.#.## #..##.......#
....##.##..## #..####.##..#
###.###...#########..####.##..#
###.####......................#
.##.......###############....##
#.#######.# ####[## ##.######.#
##...##


You could see an orc warrior and an orc.

Vanquished Creatures
  Grinder (D:4)
  A sky beast (D:6)
  An ogre (D:7)
  A centaur (D:6)
  3 scorpions
  A hound (D:4)
  A jelly (D:5)
  An orc wizard (D:5)
  An orc priest (D:2)
  Jessica (D:2)
  Ijyb (D:3)
  A worker ant (D:4)
  Terence (D:3)
  A hound skeleton (D:5)
  A howler monkey zombie (D:7)
  7 gnolls
  7 adders
  A worm (D:2)
  2 dart slugs
  4 leopard geckos
  18 orcs
  6 bats
  8 giant cockroaches
  8 goblins
  8 hobgoblins
  7 jackals
  6 kobolds
  2 quokkas
  8 frilled lizards
  A leopard gecko skeleton (D:6)
  A quokka skeleton (D:5)
  6 rats
117 creatures vanquished.

Notes
Turn   | Place    | Note
-------+----------+-------------------------------------------
     0 | D:1      | Jaijje the Naga Monk began the quest for the Orb.
     0 | D:1      | Reached XP level 1. HP: 21/21 MP: 1/1
   264 | D:1      | Reached XP level 2. HP: 28/28 MP: 2/2
   763 | D:1      | Reached XP level 3. HP: 27/34 MP: 3/3
  1189 | D:2      | Noticed Jessica
  1204 | D:2      | Killed Jessica
  1204 | D:2      | Reached XP level 4. HP: 35/42 MP: 4/4
  1346 | D:2      | Reached skill level 4 in Unarmed Combat
  1384 | D:2      | Found a faded altar of an unknown god.
  1990 | D:2      | Reached XP level 5. HP: 18/49 MP: 5/5
  2396 | D:3      | Noticed Terence
  2412 | D:3      | Killed Terence
  2746 | D:3      | Reached skill level 1 in Armour
  2950 | D:3      | Reached skill level 5 in Unarmed Combat
  2950 | D:3      | Reached XP level 6. HP: 14/57 MP: 6/6
  3250 | D:3      | Noticed Ijyb
  3590 | D:3      | Killed Ijyb
  3968 | D:4      | Found a staircase to the Ecumenical Temple.
  4009 | Temple   | Entered the Ecumenical Temple
  4135 | Temple   | Became a worshipper of Cheibriados the Contemplative
  4135 | Temple   | Reached * piety under Cheibriados
  4135 | Temple   | Reached ** piety under Cheibriados
  4239 | D:4      | Found an ancient bone altar of Kikubaaqudgha.
  4289 | D:4      | Noticed Grinder
  4291 | D:4      | Paralysed by Grinder for 3 turns
  4300 | D:4      | Paralysed by Grinder for 4 turns
  4315 | D:4      | Killed Grinder
  4315 | D:4      | Reached skill level 6 in Unarmed Combat
  4315 | D:4      | Reached XP level 7. HP: 27/66 MP: 7/7
  4423 | D:5      | Entered Level 5 of the Dungeon
  5455 | D:5      | Reached *** piety under Cheibriados
  5532 | D:5      | Found Iphyhei's Antique Armour Boutique.
  5983 | D:6      | Reached XP level 8. HP: 44/73 MP: 8/8
  6412 | D:6      | Reached skill level 1 in Invocations
  6750 | D:7      | Reached skill level 5 in Armour
  6800 | D:6      | Mangled by an orc warrior

Skill      XL: |  1  2  3  4  5  6  7  8 |
---------------+-------------------------+-----
Dodging        | 3 |  3.0
Unarmed Combat | 4 5 6 |  6.0
Armour         | 1 4 5 |  5.0
Fighting       | 4 |  4.6
Invocations    | 1 |  1.5
Stealth        | |  3.9

Action                   |  1- 3 |  4- 6 |  7- 9 || total
-------------------------+-------+-------+-------++-------
Melee: Unarmed           |   110 |   181 |   176 ||   467
       Punch             |     2 |     7 |     6 ||    15
Throw: Tomahawk          |       |       |     2 ||     2
Invok: Bend Time         |       |       |     1 ||     1
 Abil: Spit Poison       |     4 |    17 |    19 ||    40
  Use: Potion            |       |     2 |     4 ||     6
       Scroll            |       |    13 |     5 ||    18
 Stab: Sleeping          |     6 |     6 |     2 ||    14
       Distracted        |       |     2 |       ||     2
  Eat: Chunk             |     1 |     4 |     6 ||    11
       Ration            |       |     1 |       ||     1
Armor: Robe              |    21 |    27 |       ||    48
       Leather armour    |       |     3 |    58 ||    61
Dodge: Dodged            |    57 |    82 |   112 ||   251
